 Dungeon Crawl Stone Soup version 0.29.0-4-gdea44cf6ec (webtiles) character file.

Game seed: 4423677893815588361

171 qw the Chopper (level 5, -6/46 HPs)
             Began as a Barachi Chaos Knight on Sept 4, 2022.
             Mangled by Sigmund
             ... wielding a +2 scythe of freezing
              (11 damage)
             ... on level 3 of the Dungeon.
             The game lasted 00:01:02 (2681 turns).

qw the Chopper (Barachi Chaos Knight)               Turns: 2681, Time: 00:01:02

Health: -6/46      AC:  7    Str: 14 (15) XL:     5   Next: 51%
Magic:  5/5        EV:  9    Int: 12      God:
Gold:   143        SH:  0    Dex: 12      Spells: 4/4 levels left

rFire   . . .      SeeInvis .   Y - +0 hand axe (chaos)
rCold   . . .      Faith    .   (no shield)
rNeg    . . .      Spirit   .   k - +0 scale mail
rPois   .          Reflect  .   (no helmet)
rElec   .          Harm     .   (no cloak)
rCorr   .          Rampage  .   j - +0 pair of gloves
Will    +....                   (no boots)
Stlth   ..........              (no amulet)
HPRegen 0.15/turn               (no ring)
MPRegen 0.09/turn               (no ring)

@: slow
A: amphibious, slowness 1, strong legs 1, +LOS, deterioration 1, strong-willed
1, robust 1, screaming 2
a: Hop


You were on level 3 of the Dungeon.
You visited 1 branch of the dungeon, and saw 3 of its levels.

You collected 143 gold pieces.


Innate Abilities, Weirdness & Mutations

You are amphibious.
You cover ground slowly.
You can hop short distances.
You have an extended range of vision and can be seen from far away.
Your body sometimes deteriorates upon taking damage.
You are strong-willed. (Will+)
You are robust. (+10% HP)
You frequently scream uncontrollably at your foes.


   Skills:
 - Level 4.0 Fighting
 + Level 6.4 Axes
 - Level 2.4 Armour
 - Level 1.1 Dodging


You had 4 spell levels left.
You didn't know any spells.
Your spell library was empty.

Inventory:

Hand Weapons
 f - a +0 mace
 Y - a +0 hand axe of chaos (weapon)
Missiles
 g - 8 boomerangs (quivered)
Armour
 j - a +0 pair of gloves (worn)
 k - a +0 scale mail (worn)
Scrolls
 h - 3 scrolls of identify
Potions
 a - 3 potions of curing
 b - a potion of berserk rage {unknown}
 e - a potion of might
Miscellaneous
 c - a piece from Xom's chessboard (15/15)

Dungeon Overview and Level Annotations

Branches:
Dungeon (3/15)

Altars:

Annotations:
D:3 Sigmund


Message History

There is a large open door here.
There is a large open door here.
Things that are here:
a +0 club; a +0 dagger You hear Xom's avuncular chuckle.
Your body is suffused with distortional energy.
You feel stronger.
You feel strong-willed.
You feel robust.
You feel a strong urge to scream.
HP restored.
Sigmund the Dreaded comes into view.
He is wielding a +2 scythe of freezing.
Enter note:
Found a falchion.
Found a stone staircase leading down.
Found a scroll labelled PIOKKO PIUBB.
Sigmund hits you from afar with a +2 scythe of freezing!
Sigmund freezes you.
Sigmund hits you with a +2 scythe of freezing!
Sigmund freezes you.
You barely miss Sigmund. Sigmund barely misses you.
You hit Sigmund.
Sigmund is poisoned.
Sigmund is lightly wounded.
You barely miss Sigmund.
Sigmund is lightly wounded.
Sigmund casts a spell at you. The magic dart hits you.
You closely miss Sigmund.
Sigmund is lightly wounded.
Sigmund barely misses you.
You hit Sigmund. You burn Sigmund.
Sigmund is heavily wounded.
Sigmund mumbles some strange words.
Sigmund flickers and vanishes!
Deactivating autopickup; reactivate with Ctrl-A.
You miss something.
You hear some strange, mumbled words.
A puff of flame appears from out of thin air!
The puff of flame hits you!
You closely miss something. Something hits you!
You die...

.. 77##..# ##.# #..#
.?..# #..#
.>...################..##
)..........##..........[.
...........##...........[
...........##............
........{..##............
........@..##............
...........##............
...........##....%.......
...........########...#.(
........$..#####.........
####.....................
########..............
#............).
######.........


There were no monsters in sight!

Vanquished Creatures
  An ogre (D:3)
  2 adders
  2 worms
  2 dart slugs
  6 endoplasms
  A giant cockroach (D:1)
  4 goblins
  9 hobgoblins
  3 jackals (D:2)
  9 kobolds
  A quokka (D:2)
  5 ball pythons
  11 bats
  A frilled lizard (D:1)
  4 rats
61 creatures vanquished.

Notes
Turn   | Place    | Note
-------+----------+-------------------------------------------
     0 | D:1      | qw the Barachi Chaos Knight began the quest for the Orb.
     0 | D:1      | Reached XP level 1. HP: 18/18 MP: 1/1
     0 | D:1      | 0 ||| qw: Version: 0.1-a-103-gd6f5d3a
     0 | D:1      | 0 ||| qw: Game counter: 5752
     0 | D:1      | 0 ||| qw: Always use a shield: true
     0 | D:1      | 0 ||| qw: God list: Okawaru
     0 | D:1      | 0 ||| qw: Allow faded altars: false
     0 | D:1      | 0 ||| qw: Do Orc after D:15 true
     0 | D:1      | 0 ||| qw: Do second Lair branch before Depths: true
     0 | D:1      | 0 ||| qw: Lair rune preference: random
     0 | D:1      | 0 ||| qw: Plans: Normal
     0 | D:1      | 0 ||| PLANNING D:1-11
     0 | D:1      | Fell from the grace of Xom
   205 | D:1      | Reached XP level 2. HP: 24/24 MP: 2/2
   247 | D:1      | 247 ||| Stepping ~*~*~tactically~*~*~ (hiding).
   252 | D:1      | Reached skill level 4 in Axes
   308 | D:1      | You fall into a shaft and drop 1 floor!
   309 | D:2      | 309 ||| READING scroll labelled EGUDAO JUREWUO.
   310 | D:2      | 310 ||| READING scroll labelled TAGGENL TUVAXU.
   566 | D:1      | XOM: give mutations
   566 | D:1      | Gained mutation: You occasionally shout uncontrollably at
                  | your foes. [Xom's mischief]
   566 | D:1      | Gained mutation: You are weak. (Str -2) [Xom's mischief]
   729 | D:1      | Reached XP level 3. HP: 29/29 MP: 3/3
   746 | D:1      | XOM: give mutation
   746 | D:1      | Gained mutation: Your body sometimes deteriorates upon
                  | taking damage. [Xom's mischief]
   756 | D:1      | XOM: noise
  1062 | D:1      | 1062 ||| DROPPING ring of magical power.
  1063 | D:1      | 1063 ||| READING scroll labelled PEUGIA FELU.
  1064 | D:1      | 1064 ||| READING 2 scrolls of identify.
  1064 | D:1      | 1064 ||| IDENTIFYING sapphire potion
  1065 | D:1      | 1065 ||| DROPPING potion of attraction.
  1066 | D:1      | 1066 ||| Stepping randomly (stuck).
  1067 | D:1      | 1067 ||| Stepping ~*~*~tactically~*~*~ (cloud).
  1072 | D:1      | HP: 7/29 [poisoned by you (poison gas)]
  1436 | D:2      | 1436 ||| Stepping ~*~*~tactically~*~*~ (stealth).
  1446 | D:2      | 1446 ||| Stepping ~*~*~tactically~*~*~ (stealth).
  1492 | D:2      | 1492 ||| Stepping ~*~*~tactically~*~*~ (stealth).
  1505 | D:2      | 1505 ||| Stepping ~*~*~tactically~*~*~ (stealth).
  1506 | D:2      | 1506 ||| Stepping ~*~*~tactically~*~*~ (stealth).
  1511 | D:2      | Reached skill level 5 in Axes
  1518 | D:2      | 1518 ||| FLEEEEING.
  1520 | D:2      | 1520 ||| FLEEEEING.
  1521 | D:2      | 1521 ||| FLEEEEING.
  1522 | D:2      | 1522 ||| FLEEEEING.
  1529 | D:2      | 1529 ||| FLEEEEING.
  1539 | D:2      | 1539 ||| STAIRDANCE
  1604 | D:1      | 1604 ||| UPGRADING to +0 ring mail.
  1614 | D:1      | 1614 ||| DROPPING +2 leather armour.
  1615 | D:1      | 1615 ||| DRINKING 2 silvery potions.
  1618 | D:2      | 1618 ||| Stepping ~*~*~tactically~*~*~ (hiding).
  1619 | D:2      | 1619 ||| Stepping ~*~*~tactically~*~*~ (hiding).
  1642 | D:2      | XOM: noise
  1745 | D:2      | 1745 ||| Stepping ~*~*~tactically~*~*~ (stealth).
  1746 | D:2      | 1746 ||| Stepping ~*~*~tactically~*~*~ (stealth).
  1747 | D:2      | 1747 ||| Stepping ~*~*~tactically~*~*~ (stealth).
  1754 | D:2      | Reached XP level 4. HP: 36/36 MP: 4/4
  1843 | D:2      | XOM: draining
  2041 | D:2      | Found a faded altar of an unknown god.
  2041 | D:2      | Noticed a hellwing
  2088 | D:2      | 2088 ||| UPGRADING to +0 pair of gloves.
  2093 | D:2      | 2093 ||| UPGRADING to +0 scale mail.
  2103 | D:2      | 2103 ||| DROPPING +0 ring mail.
  2104 | D:2      | 2104 ||| READING scroll labelled HANIGA YBRA.
  2107 | D:2      | 2107 ||| DRINKING 2 blue potions.
  2119 | D:3      | 2119 ||| Stepping ~*~*~tactically~*~*~ (stealth).
  2120 | D:3      | 2120 ||| Stepping ~*~*~tactically~*~*~ (stealth).
  2121 | D:3      | 2121 ||| Stepping ~*~*~tactically~*~*~ (stealth).
  2121 | D:3      | Noticed an ogre
  2125 | D:3      | 2125 ||| Stepping ~*~*~tactically~*~*~ (stealth).
  2126 | D:3      | 2126 ||| Stepping ~*~*~tactically~*~*~ (stealth).
  2128 | D:3      | Killed an ogre
  2129 | D:3      | Reached skill level 6 in Axes
  2129 | D:3      | Reached XP level 5. HP: 19/41 MP: 5/5
  2143 | D:3      | HP: 10/42 [poisoned by an adder]
  2156 | D:3      | 2156 ||| FLEEEEING.
  2158 | D:3      | 2158 ||| FLEEEEING.
  2159 | D:3      | 2159 ||| STAIRDANCE
  2519 | D:3      | 2519 ||| Stepping ~*~*~tactically~*~*~ (stealth).
  2622 | D:3      | XOM: give mutations
  2622 | D:3      | Lost mutation: You are weak. (Str -2) [Xom's mischief]
  2622 | D:3      | Gained mutation: You are strong-willed. (Will+) [Xom's
                  | mischief]
  2622 | D:3      | Gained mutation: You are robust. (+10% HP) [Xom's mischief]
  2622 | D:3      | Gained mutation: You frequently scream uncontrollably at
                  | your foes. [Xom's mischief]
  2670 | D:3      | Noticed Sigmund
  2680 | D:3      | HP: 5/46 [something/puff of flame (8)]
  2681 | D:3      | Mangled by Sigmund

Levels and vault maps discovered:
D:1:      sevenhm_arrival_forest_fort_large_4, layout_loops_corners,
          grunt_decor_one_mirror, st_stairs_7
D:2:      layout_rooms, dreamdust_ecumenical_altar_sealed_demon,
          minmay_tetromino_o2
D:3:      layout_basic, uniq_crazy_yiuf_cottage, uniq_sigmund

Skill      XL: |  1  2  3  4  5 |
---------------+----------------+-----
Axes           | 4 5 6 |  6.4
Fighting       | 4 |  4.0
Armour         | |  2.4
Dodging        | |  1.1

Action                   |  1- 3 |  4- 6 || total
-------------------------+-------+-------++-------
Melee: Hand axe          |    89 |    45 ||   134
Throw: Boomerang         |    40 |    21 ||    61
Invok: Renounce Religion |     1 |       ||     1
  Use: Scroll            |     4 |     1 ||     5
       Potion            |     1 |     1 ||     2
Armor: Leather armour    |    26 |       ||    26
       Ring mail         |     4 |     5 ||     9
       Scale mail        |       |    12 ||    12
Dodge: Dodged            |    57 |    21 ||    78

Table legend:
 A = Non-vault XP
 B = Vault XP
 C = Vault XP percentage of total XP
 D = Non-vault monster count
 E = Vault monster count
 F = Vault count percentage of total count
                 A         B        C        D         E       F
            +---------+---------+-------+---------+---------+-------
      Total |     231 |      14 |   5.7 |      56 |       5 |   8.2
            +---------+---------+-------+---------+---------+-------
        D:1 |      34 |       7 |  17.1 |      22 |       3 |  12.0
        D:2 |      47 |       7 |  13.0 |      20 |       2 |   9.1
        D:3 |     150 |       0 |   0.0 |      14 |       0 |   0.0
            +---------+---------+-------+---------+---------+-------
